 Dungeon Crawl Stone Soup version 0.30.0-29-ga12c61a403 (webtiles) character file.

Game seed: 18420573568472121490

567 qw the Chopper (level 7, -20/43 HPs)
             Began as a Gargoyle Fighter on June 5, 2023.
             Killed from afar by Dowan (21 damage)
             ... with a shard of ice
             ... on level 4 of the Dungeon.
             The game lasted 00:01:53 (2854 turns).

qw the Chopper (Gargoyle Fighter)                   Turns: 2854, Time: 00:01:53

Health: -20/43     AC: 15    Str: 21    XL:     7   Next: 33%
Magic:  7/7        EV: 11    Int:  9    God:
Gold:   91         SH:  5    Dex: 15    Spells: 6/6 levels left

rFire   . . .        Y - +0 war axe
rCold   . . .        c - +0 buckler
rNeg    + . .        b - +0 scale mail
rPois   inf          (no helmet)
rElec   +            p - +0 cloak
rCorr   .            q - +0 pair of gloves
SInv    .            e - +0 pair of boots
Will    .....        (no amulet) Stlth
                     o - +6 ring of dexterity
HPRegen 0.27/turn    (no ring)
MPRegen 0.10/turn

%: no passive effects
@: lit by a corona, about to teleport, glowing
A: sickness immunity, AC +4, negative energy resistance 1, electricity
resistance, torment resistance 1, petrification resistance
a: no special abilities


You were on level 4 of the Dungeon.
You visited 1 branch of the dungeon, and saw 4 of its levels.

You collected 181 gold pieces.
You spent 90 gold pieces at shops.


Innate Abilities, Weirdness & Mutations

You are immune to sickness and miasma.
Your stone body is resilient. (AC +4)
You are immune to poison.
You resist negative energy. (rN+)
You are resistant to electric shocks. (rElec)
You are resistant to unholy torment.
You are immune to petrification.


   Skills:
 - Level 4.1 Fighting
 + Level 5.5 Axes
 - Level 3.2 Armour
 - Level 3.3 Dodging
 - Level 3.2 Shields


You had 6 spell levels left.
You didn't know any spells.
Your spell library was empty.

Inventory:

Hand Weapons
 i - a +0 flail
 Y - a +0 war axe (weapon)
Armour
 b - a +0 scale mail (worn)
 c - a +0 buckler (worn)
 e - a +0 pair of boots (worn)
 p - a +0 cloak (worn)
 q - a +0 pair of gloves (worn)
Jewellery
 o - a +6 ring of dexterity (left hand)
Scrolls
 g - a scroll of identify
 s - a scroll of acquirement {unknown}
 t - a scroll of vulnerability {unknown}
Potions
 a - a potion of berserk rage {unknown}
 d - 2 potions of might
 f - a potion of mutation {unknown}
 h - a potion of resistance {unknown}
 j - a potion of invisibility {unknown}
 k - a potion of curing
 l - 2 potions of heal wounds {unknown}
 m - a potion of magic {unknown}
 r - a potion of haste

Dungeon Overview and Level Annotations

Branches:
Dungeon (4/15)
 Temple: D:4-7

Altars:
Ashenzari
Dithmenos
Elyvilon
Fedhas
Qazlal
Uskayaw
Xom
The Shining One

Shops:
D:3 [

Annotations:
D:4 Dowan


Message History

You block Duvessa's attack. Dowan hits you with a +0 dagger.
Duvessa misses you.
Dowan points at you and mumbles some strange words.
You are outlined in light.
You hit Duvessa but do no damage.
Duvessa is almost dead.
You barely miss Dowan. Duvessa closely misses you.
Dowan gestures wildly while chanting.
Dowan blinks!
You hit Duvessa.
You kill Duvessa!
You hear a distant wail of despair.
2845 ||| Stepping ~*~*~tactically~*~*~ (hiding).
You start resting.
Dowan is nearby!
Dowan seems to find hidden reserves of power!
Dowan hits you but does no damage. Dowan casts a spell at you.
The stone arrow misses you.
You closely miss Dowan.
Dowan is heavily wounded.
Dowan casts a spell.
Dowan blinks!
You start resting.
Dowan is nearby!
2851 ||| Stepping ~*~*~tactically~*~*~ (hiding).
Dowan gestures at you while chanting. The shard of ice hits you!!
Ouch! That really hurt!
2853 ||| READING scroll of teleportation.
As you read the scroll of teleportation, it crumbles to dust.
You feel strangely unstable.
Dowan drinks a potion.
Dowan is healed!
You hit Dowan.
Dowan is moderately wounded.
Dowan says, "How can I live without her?"
Dowan hits you but does no damage. Dowan gestures at you while chanting.
The shard of ice hits you!!
You die...

.....##...##......#
......#...#.......#
......##.##.......#
###....#.#....###.#
..###.#####.###...#
....###...###.....#
.....g ._.#.......#
....## ..###.....#
..### ###(###.@)#
### .. ###e# ..
#..e....# ...
#...[...# ...
##......# #?.....#
#......# ########


You could see Dowan (fast).

Vanquished Creatures
  Grinder (D:3)
  Duvessa (D:4)
  A scorpion (D:4)
  Jessica (D:3)
  An iguana (D:4)
  An orc wizard (D:2)
  A gnoll (D:1)
  5 adders
  An ufetubus (D:3)
  2 worms
  4 orcs
  6 endoplasms
  4 giant cockroaches
  6 hobgoblins
  3 jackals (D:3)
  4 kobolds
  3 quokkas
  5 ball pythons
  3 bats (D:1)
  8 frilled lizards
  8 goblins
  3 rats
72 creatures vanquished.

Notes
Turn   | Place    | Note
-------+----------+-------------------------------------------
     0 | D:1      | qw the Gargoyle Fighter began the quest for the Orb.
     0 | D:1      | Reached XP level 1. HP: 14/14 MP: 1/1
     0 | D:1      | 0 ||| qw: Version: 0.2-a-108-gee2c290
     0 | D:1      | 0 ||| qw: Game counter: 1483
     0 | D:1      | 0 ||| qw: Always use a shield: true
     0 | D:1      | 0 ||| qw: God list: Okawaru
     0 | D:1      | 0 ||| qw: Allow faded altars: false
     0 | D:1      | 0 ||| qw: Do Orc after D:15 true
     0 | D:1      | 0 ||| qw: Do second Lair branch before Depths: true
     0 | D:1      | 0 ||| qw: Lair rune preference: random
     0 | D:1      | 0 ||| qw: Plans: Normal, Zot:1-4, Slime:5, God:TSO, Crypt,
                  | Tomb, Abyss, Pan, Hells, Win
     0 | D:1      | 0 ||| PLANNING D:1-11
    48 | D:1      | 48 ||| FLEEEEING.
    49 | D:1      | 49 ||| FLEEEEING.
    53 | D:1      | Reached skill level 2 in Axes
    53 | D:1      | Reached XP level 2. HP: 12/19 MP: 2/2
   254 | D:1      | Reached skill level 3 in Axes
   305 | D:1      | 305 ||| DROPPING +0 club.
   320 | D:1      | Reached XP level 3. HP: 21/23 MP: 3/3
   392 | D:1      | 392 ||| Stepping ~*~*~tactically~*~*~ (hiding).
   414 | D:1      | 414 ||| Stepping ~*~*~tactically~*~*~ (stealth).
   416 | D:1      | 416 ||| Stepping ~*~*~tactically~*~*~ (stealth).
   427 | D:1      | 427 ||| Stepping ~*~*~tactically~*~*~ (stealth).
   629 | D:1      | 629 ||| READING scroll labelled HYMAECUIRO.
   630 | D:1      | 630 ||| READING 2 scrolls labelled LUOD WUUSUMULU.
   631 | D:1      | 631 ||| READING scroll labelled NABRIDATHRU.
   632 | D:1      | 632 ||| READING scroll labelled LID OSARCHI.
   633 | D:1      | 633 ||| READING scroll labelled YSU ZOAREUXT.
   636 | D:1      | 636 ||| READING scroll labelled TITAL PABOTAGO.
   637 | D:1      | 637 ||| DRINKING 2 cyan potions.
   765 | D:2      | 765 ||| Stepping ~*~*~tactically~*~*~ (stealth).
   767 | D:2      | 767 ||| Stepping ~*~*~tactically~*~*~ (stealth).
   769 | D:2      | 769 ||| Stepping ~*~*~tactically~*~*~ (hiding).
   774 | D:2      | 774 ||| Stepping ~*~*~tactically~*~*~ (stealth).
   786 | D:2      | Reached XP level 4. HP: 26/28 MP: 4/4
   794 | D:2      | 794 ||| DROPPING +0 whip.
   805 | D:2      | Reached skill level 4 in Axes
  1228 | D:2      | 1228 ||| UPGRADING to +6 ring of dexterity.
  1229 | D:2      | 1229 ||| READING scroll labelled LINGUF TUCZY.
  1247 | D:2      | 1247 ||| DRINKING 2 viscous amethyst potions.
  1248 | D:2      | 1248 ||| READING 2 scrolls of identify.
  1248 | D:2      | 1248 ||| IDENTIFYING bubbling amethyst potion
  1249 | D:2      | 1249 ||| DROPPING potion of flight.
  1250 | D:2      | 1250 ||| DROPPING potion of ambrosia.
  1264 | D:3      | Found a hide-covered altar of Uskayaw.
  1353 | D:3      | Noticed Grinder
  1362 | D:3      | 1362 ||| Stepping ~*~*~tactically~*~*~ (hiding).
  1369 | D:3      | Killed Grinder
  1370 | D:3      | Reached skill level 3 in Dodging
  1370 | D:3      | Reached XP level 5. HP: 24/32 MP: 5/5
  1370 | D:3      | Reached XP level 6. HP: 28/37 MP: 6/6
  1480 | D:3      | Found Pies's Armour Shop.
  1484 | D:3      | 1484 ||| BUYING +0 cloak (45 gold).
  1484 | D:3      | Bought a +0 cloak for 45 gold pieces
  1484 | D:3      | 1484 ||| BUYING +0 pair of gloves (45 gold).
  1484 | D:3      | Bought a +0 pair of gloves for 45 gold pieces
  1484 | D:3      | 1484 ||| SHOPLISTING +0 plate armour (230 gold, have 33).
  1484 | D:3      | 1484 ||| SHOPLISTING +2 chain mail of cold resistance (215
                  | gold, have 33).
  1484 | D:3      | 1484 ||| SHOPLISTING +2 helmet of intelligence (215 gold,
                  | have 33).
  1571 | D:3      | 1571 ||| Stepping ~*~*~tactically~*~*~ (stealth).
  1653 | D:3      | 1653 ||| Stepping ~*~*~tactically~*~*~ (stealth).
  1763 | D:3      | Found a glowing golden altar of the Shining One.
  1766 | D:3      | Found a blossoming altar of Fedhas.
  1803 | D:3      | 1803 ||| UPGRADING to +0 pair of boots.
  1808 | D:3      | 1808 ||| UPGRADING to +0 cloak.
  1813 | D:3      | 1813 ||| UPGRADING to +0 pair of gloves.
  2063 | D:3      | Noticed Jessica
  2070 | D:3      | Killed Jessica
  2307 | D:4      | 2307 ||| STAIRDANCE
  2380 | D:4      | Found a shadowy altar of Dithmenos.
  2399 | D:4      | 2399 ||| Stepping ~*~*~tactically~*~*~ (hiding).
  2401 | D:4      | 2401 ||| Stepping ~*~*~tactically~*~*~ (hiding).
  2401 | D:4      | Found a shimmering altar of Xom.
  2403 | D:4      | 2403 ||| Stepping ~*~*~tactically~*~*~ (hiding).
  2404 | D:4      | 2404 ||| Stepping ~*~*~tactically~*~*~ (hiding).
  2547 | D:4      | Reached skill level 5 in Axes
  2604 | D:4      | Found a white marble altar of Elyvilon.
  2682 | D:4      | Found a stormy altar of Qazlal.
  2732 | D:4      | 2732 ||| Stepping ~*~*~tactically~*~*~ (stealth).
  2734 | D:4      | Found a broken altar of Ashenzari.
  2775 | D:4      | Reached XP level 7. HP: 37/43 MP: 7/7
  2823 | D:4      | Noticed Duvessa
  2823 | D:4      | Noticed Dowan
  2824 | D:4      | 2824 ||| Stepping ~*~*~tactically~*~*~ (hiding).
  2844 | D:4      | Killed Duvessa
  2845 | D:4      | 2845 ||| Stepping ~*~*~tactically~*~*~ (hiding).
  2851 | D:4      | 2851 ||| Stepping ~*~*~tactically~*~*~ (hiding).
  2852 | D:4      | HP: 1/43 [Dowan/shard of ice (31)]
  2853 | D:4      | 2853 ||| READING scroll of teleportation.
  2854 | D:4      | Killed from afar by Dowan

Levels and vault maps discovered:
D:1:      scummos_arrival_gate, layout_rooms, kennysheep_crisscross,
          minmay_tetromino_s4
D:2:      layout_basic
D:3:      layout_loops_ring, mainiacjoe_overflow_tiny_flanked,
          nicolae_overflow_squiral, serial_shops, nicolae_shop_back_alley_shop,
          uniq_jessica, uniq_grinder
D:4:      layout_basic, nicolae_ashenzari_panopticon, grunt_qazlal_sundering,
          elyvilon_altar_3, grunt_dithmenos_smoke, mainiacjoe_overflow_brackets,
          uniq_duvessa, uniq_crazy_yiuf_cottage

Skill      XL: |  1  2  3  4  5  6 |
---------------+-------------------+-----
Axes           | 2 3 4 5 |  5.5
Dodging        | 3 |  3.3
Fighting       | 4 |  4.1
Armour         | |  3.2
Shields        | |  3.2

Action                     |  1- 3 |  4- 6 |  7- 9 || total
---------------------------+-------+-------+-------++-------
  Melee: War axe           |    98 |   131 |    17 ||   246
    Use: Scroll            |     6 |     2 |     1 ||     9
         Potion            |     1 |     1 |       ||     2
 Armour: Scale mail        |    48 |    56 |    15 ||   119
  Dodge: Dodged            |    42 |    58 |     9 ||   109
  Block: Buckler           |    16 |    26 |     4 ||    46

Table legend:
 A = Non-vault XP
 B = Vault XP
 C = Vault XP percentage of total XP
 D = Non-vault monster count
 E = Vault monster count
 F = Vault count percentage of total count
                 A         B        C        D         E       F
            +---------+---------+-------+---------+---------+-------
      Total |     352 |     459 |  56.6 |      67 |       5 |   6.9
            +---------+---------+-------+---------+---------+-------
        D:1 |      45 |       2 |   4.3 |      21 |       2 |   8.7
        D:2 |      85 |       0 |   0.0 |      18 |       0 |   0.0
        D:3 |      79 |     304 |  79.4 |      19 |       2 |   9.5
        D:4 |     143 |     153 |  51.7 |       9 |       1 |  10.0
            +---------+---------+-------+---------+---------+-------
